 Dungeon Crawl Stone Soup version 0.28-b1-1-g3c77fb2ed1 (webtiles) character file.

Game seed: 7210991439902067224

247 zeram the Ducker (level 5, -10/27 HPs)
             Began as a Spriggan Fighter on Jan 28, 2022.
             Killed by divine providence
             ... invoked by an orc priest
              (15 damage)
             ... on level 3 of the Dungeon.
             The game lasted 00:05:19 (4511 turns).

zeram the Ducker (Spriggan Fighter)                 Turns: 4511, Time: 00:05:19

Health: -10/27     AC:  2    Str: 12    XL:     5   Next: 85%
Magic:  9/9        EV: 19    Int: 12    God:
Gold:   136        SH:  8    Dex: 20    Spells: 6/8 levels left

rFire   . . .      SeeInvis +   a - +0 rapier
rCold   + . .      Faith    .   c - +1 buckler
rNeg    . . .      Spirit   .   b - +0 robe
rPois   .          Reflect  .   (helmet restricted)
rElec   .          Harm     .   (no cloak)
rCorr   .          Rampage  .   (gloves unavailable)
Will    .....                   (boots unavailable)
Stlth   ++........              (no amulet)
HPRegen 0.09/turn               f - +6 ring of dexterity
MPRegen 0.11/turn               h - ring of protection from cold

@: very quick
A: very small, no large weapons, unfitting armour, see invisible, speed 3
a: no special abilities


You were on level 3 of the Dungeon.
You visited 1 branch of the dungeon, and saw 3 of its levels.

You collected 136 gold pieces.

Inventory:

Hand Weapons
 a - a +0 rapier (weapon)
Armour
 b - a +0 robe (worn)
 c - a +1 buckler (worn)
Jewellery
 f - a +6 ring of dexterity (left hand)
 h - a ring of protection from cold (right hand)
Scrolls
 g - 2 scrolls of amnesia {unknown}
 i - a scroll of identify
 m - a scroll of fear {unknown}
 p - a scroll of teleportation {unknown}
 q - a scroll of brand weapon {unknown}
Potions
 d - a potion of might
 e - a potion of magic {unknown}
 j - a potion of attraction
 o - 2 potions of curing
 r - a potion of cancellation


   Skills:
 - Level 2.4 Fighting
 + Level 4.6 Short Blades
 + Level 5.6 Dodging
 + Level 2.9 Shields
 * Level 2.0 Spellcasting


You had 6 spell levels left.
You knew the following spells:

 Your Spells              Type           Power      Damage    Failure   Level
a - Ensorcelled Hibernat  Hex/Ice        2%         N/A       63%         2

Your spell library contained the following spells:

 Spells                   Type           Power      Damage    Failure   Level
 Passwall                 Tmut/Erth      0%         N/A       63%         2
 Gell's Gravitas          Tloc           1%         N/A       86%         3
 Lesser Beckoning         Tloc           1%         N/A       86%         3
 Swiftness                Air            1%         N/A       86%         3
 Teleport Other           Tloc           1%         N/A       86%         3


Dungeon Overview and Level Annotations

Branches:
Dungeon (3/15)

Altars:
Sif Muna
Uskayaw

Shops:
D:3 (


Innate Abilities, Weirdness & Mutations

You are very small and have problems with some larger weapons.
You are too small for most types of armour.
You have supernaturally acute eyesight. (SInv)
You cover ground extremely quickly. (Speed+++)


Message History

a +0 short sword; a +0 chain mail; an orc corpse You puncture the orc!
You kill the orc!
You see here a +0 flail.
You puncture the orc!
You kill the orc!
The orc priest invokes the aid of Beogh against you.
Pain shoots through your body!
* * * LOW HITPOINT WARNING * * *
You see here a +0 mace.
You closely miss the orc priest. The orc priest barely misses you.
You closely miss the orc priest. The orc priest barely misses you.
You completely miss the orc priest. You block the orc priest's attack.
You feel better. The orc priest barely misses you.
You are confused.
You feel invigorated. The orc priest closely misses you.
You hit the orc priest.
The orc priest is moderately wounded.
The orc priest hits you with a +0 hand axe.
You're too confused to move!
You feel less invigorated.
You feel less confused.
The orc priest hits you with a +0 hand axe.
You puncture the orc priest!
The orc priest is almost dead.
You block the orc priest's attack.
You hit the orc priest.
The orc priest is almost dead.
The orc priest calls down the wrath of Beogh upon you.
Beogh smites you!
* * * LOW HITPOINT WARNING * * *
You closely miss the orc priest.
The orc priest is almost dead.
The orc priest mumbles some strange prayers to Beogh against you.
You resist with significant effort.
You barely miss the orc priest.
The orc priest is almost dead.
The orc priest invokes the aid of Beogh against you.
Beogh smites you!
Ouch! That really hurt!
You die...

....# #......#
#.# ....#
#......# #.#
....# #......#
#.# ... #......#
#.# .. #......#
#.# #......# #.#
#......# #.#
#......########.#
#......))@o.....#
#......##########
########


You could see an orc priest.

Vanquished Creatures
  A sky beast (D:2)
  4 gnolls
  6 adders
  2 worms (D:2)
  4 orcs (D:3)
  5 ball pythons
  6 endoplasms
  3 giant cockroaches
  8 hobgoblins
  2 quokkas
  4 bats
  3 frilled lizards
  3 goblins
  A kobold (D:1)
  A rat (D:3)
53 creatures vanquished.

Notes
Turn   | Place    | Note
-------+----------+-------------------------------------------
     0 | D:1      | zeram the Spriggan Fighter began the quest for the Orb.
     0 | D:1      | Reached XP level 1. HP: 11/11 MP: 2/2
   436 | D:1      | Reached XP level 2. HP: 16/16 MP: 3/3
  1585 | D:2      | Reached XP level 3. HP: 19/19 MP: 4/4
  1745 | D:2      | Learned a level 2 spell: Ensorcelled Hibernation
  1908 | D:2      | Reached skill level 5 in Dodging
  2507 | D:2      | Reached XP level 4. HP: 22/23 MP: 5/5
  2847 | D:3      | Noticed a sky beast
  3419 | D:2      | Killed a sky beast
  3420 | D:2      | Reached skill level 1 in Spellcasting
  3420 | D:2      | Reached XP level 5. HP: 27/27 MP: 5/8
  3582 | D:3      | Found Rul Huos's Weapon Emporium.
  4118 | D:3      | Found a faded altar of an unknown god.
  4191 | D:3      | Found a hide-covered altar of Uskayaw.
  4191 | D:3      | Found a shimmering blue altar of Sif Muna.
  4511 | D:3      | Killed from afar by an orc priest

Illustrated notes

Levels and vault maps discovered:
D:1:      wander_arrival_abandoned_jail, layout_basic
D:2:      layout_basic
D:3:      layout_basic, mainiacjoe_overflow_divided_tiny,
          shapermc_ecumenical_altar_flowoftime, serial_shops,
          nicolae_shop_bloodbath_and_beyond

Skill      XL: |  1  2  3  4  5 |
---------------+----------------+-----
Dodging        | 5 |  5.6
Short Blades   | 3 4 |  4.6
Spellcasting   | 1 2 |  2.0
Fighting       | |  2.4
Shields        | |  2.9

Action                   |  1- 3 |  4- 6 || total
-------------------------+-------+-------++-------
Melee: Rapier            |   114 |   133 ||   247
  Use: Scroll            |     2 |     8 ||    10
       Potion            |       |     3 ||     3
 Stab: Sleeping          |     2 |     2 ||     4
Armor: Robe              |     9 |     5 ||    14
Dodge: Dodged            |    65 |    78 ||   143
Block: Buckler           |    34 |    42 ||    76
